[Event "*** Titled Tuesday Blitz"]
[Site "Chess.com"]
[Date "2019.09.03"]
[Round "7"]
[White "cherryandmint"]
[Black "Thjop"]
[Result "0-1"]
[WhiteElo "2784"]
[BlackElo "2582"]
[TimeControl "180+2"]
[EndTime "16:36:21 PDT"]
[Termination "Thjop won by resignation"]

1. e4 c5 2. Nf3 Nc6 3. d4 cxd4 4. Nxd4 g6 5. c4 Bg7 6. Be3 Nf6 7. Nc3 O-O 8. Be2 d6 9. O-O a6 10. f3 Rb8 11.
Rc1 Bd7 12. Nb3 Na5 13. Nd2 Nc6 14. b3 Ne5 15. h3 Nc6 16. Nd5 Nh5 17. Qe1 e6 18.
Nb6 Bd4 19. Bxd4 Nxd4 20. Nxd7 Qxd7 21. Bd1 e5 22. Nb1 b5 23. cxb5 axb5 24. b4 Nf4 25.
Qd2 Qe7 26. Kh2 Rfc8 27. Rxc8+ Rxc8 28. Nc3 Qc7 29. Nb1 Qc4 30. Re1 h5 31. Bb3 Nxb3 32. axb3 Qxb3 33. Qxd6 Rc2 34. Nd2 Qe6 35. Qd8+ Kg7 36.
Ra1 Qf6 37. Ra8 Qxd8 38. Rxd8 h4 39. Kg1 Kf6 40. Kf2 Ke7 0-1

[Event "*** Titled Tuesday Blitz"]
[Site "Chess.com"]
[Date "2019.09.03"]
[Round "7"]
[White "platy3"]
[Black "bubacik"]
[Result "0-1"]
[WhiteElo "2862"]
[BlackElo "2744"]
[TimeControl "180+2"]
[EndTime "16:36:26 PDT"]
[Termination "bubacik won by resignation"]

1. e4 e5 2. Nf3 Nc6 3. Bb5 a6 4. Ba4 Nf6 5. O-O Be7 6. Re1 b5 7. Bb3 d6 8. c3 O-O 9. h3 Nb8 10. d4 Nbd7 11. Nbd2 Bb7 12. Bc2 Re8 13. Nf1 Bf8 14.
Ng3 g6 15. a4 Nb6 16. a5 Nbd7 17. d5 c6 18. dxc6 Bxc6 19. b4 Rc8 20. Bb3 h6 21. Nh4 Kg7 22. Qd2 Ng8 23. Nf3 Be7 24. Bb2 Bb7 25. Rad1 Qc7 26. h4 Ndf6 27. h5 Nxh5 28.
Nxh5+ gxh5 29. Qe2 Rf8 30. Nh2 Nf6 31. Qf3 Qd7 32.
Nf1 Qg4 33. Ne3 Qxf3 34. gxf3 Rg8 35. Kf1 Kf8 36. Nf5 Rc6 37. Nxh6 Rg6 38. Nf5 Bc8 39. Ne3 Be6 40. Bxe6 fxe6 41. Ke2 h4 42. Rg1 Rxg1 43. Rxg1 Nh5 44. Rh1 Nf4+ 45. Kd2 Kf7 46. Kc2 d5 47. exd5 exd5 48. Kb3 Ke6 49. Bc1 d4 50. cxd4 exd4 51. Ng4 Rc3+ 52. Ka2 Nd3 0-1

[Event "*** Titled Tuesday Blitz"]
[Site "Chess.com"]
[Date "2019.09.03"]
[Round "7"]
[White "juniortay"]
[Black "chessking2151"]
[Result "0-1"]
[WhiteElo "2440"]
[BlackElo "2610"]
[TimeControl "180+2"]
[EndTime "16:36:26 PDT"]
[Termination "chessking2151 won by resignation"]

1. e4 e5 2. Nc3 Nf6 3. Bc4 Nxe4 4. Nf3 Nc6 5. O-O Nxc3 6. dxc3 f6 7. Nh4 g6 8. f4 d6 9. f5 Ne7 10. Bd3 g5 11.
Qh5+ Kd7 12. Qf7 gxh4 13. Qe6+ Ke8 14. Qxf6 Rg8 15. Qxh4 Nd5 16. Qxh7 Nf6 17. Qh4 Bg7 18. Bg5 Qe7 19. Qc4 Rh8 20. Rae1 c6 21. Qb3 Qf7 22. Bc4 Qh5 23. h4 Kd7 24. Be2 Qe8 25. Rd1 Kc7 26. Qa3 Qe7 27. Bc4 b6 28. Rd2 Qf8 29. Be6 d5 30.
Qb3 Qc5+ 31. Kh1 Ne4 32. Rd3 Nxg5 33. f6 Rxh4+ 34. Rh3 Nxh3 35. gxh3 Bxe6 36. Kg2 Bxh3+ 37. Kg3 Rg4+ 38. Kxh3 Rg6 39. fxg7 Rxg7 0-1

[Event "*** Titled Tuesday Blitz"]
[Site "Chess.com"]
[Date "2019.09.03"]
[Round "7"]
[White "chess3054"]
[Black "HouseOfDurin"]
[Result "1-0"]
[WhiteElo "2493"]
[BlackElo "2017"]
[TimeControl "180+2"]
[EndTime "16:36:26 PDT"]
[Termination "chess3054 won by checkmate"]

1. e4 c5 2. Nf3 Nc6 3. Bb5 g6 4. O-O Bg7 5. Re1 e5 6. b4 Nxb4 7. c3 Nc6 8. d4 cxd4 9. cxd4 Nxd4 10. Nxd4 exd4 11. Nd2 Ne7 12. Ba3 a6 13. Bc4 O-O 14.
Bd6 b5 15. Bb3 Bb7 16. Nf3 h6 17. Nxd4 Nc6 18. e5 Re8 19. Nxc6 Bxc6 20. Qd4 Qg5 21. f3 Bxf3 22. Qf2 Bc6 23. Bxf7+ Kh7 24. Bxe8 Rxe8 25. Re3 Bxe5 26. Bxe5 Rxe5 27. Rxe5 Qxe5 28. Re1 Qg7 29. Qc5 Kg8 30. Re8+ Kf7 31. Re7+ Kg8 32.
Rxg7+ Kxg7 33. Qa7 Kf6 34. Qxa6 h5 35. Qb6 Kg5 36.
Kf2 Kh6 37. g3 g5 38. h4 gxh4 39. gxh4 Kg6 40. Ke3 Kf5 41. Qc5+ Kg4 42. Qg5+ Kh3 43. Kf2 Kh2 44. Qg3+ Kh1 45. Qg1# 1-0

[Event "*** Titled Tuesday Blitz"]
[Site "Chess.com"]
[Date "2019.09.03"]
[Round "7"]
[White "INLOVEWITHF"]
[Black "popov_m"]
[Result "0-1"]
[WhiteElo "2306"]
[BlackElo "2610"]
[TimeControl "180+2"]
[EndTime "16:36:29 PDT"]
[Termination "popov_m won by resignation"]

1. e4 c5 2. Nf3 d6 3. d4 cxd4 4. Nxd4 Nf6 5. Nc3 a6 6. f3 e5 7. Nb3 Be6 8. Be3 Nbd7 9. Qd2 b5 10. g4 Be7 11. O-O-O O-O 12. g5 Nh5 13. Rg1 Rb8 14. Nd5 Bxd5 15. exd5 b4 16. Bd3 a5 17. Kb1 a4 18.
Nc1 Qc7 19. Ne2 Nc5 20. Bxc5 Qxc5 21. Ng3 Nf4 22. Ne4 Qxd5 23. Nf6+ Bxf6 24. gxf6 g6 25.
Bxg6 Qxd2 26. Bf5+ Qg2 27. Rxg2+ Nxg2 28. Rg1 Kh8 29.
Rxg2 Rg8 30. Rg3 Rxg3 31. hxg3 a3 32. b3 d5 33. Kc1 Rb6 34. g4 Rxf6 35. Kd2 h5 36. Ke3 Kg7 37. f4 exf4+ 38. Kxf4 hxg4 39. Kxg4 Rc6 40. Bd3 Kf6 41. Kf4 Ke6 42. Ke3 Ke5 43. Kd2 Rh6 0-1

[Event "*** Titled Tuesday Blitz"]
[Site "Chess.com"]
[Date "2019.09.03"]
[Round "7"]
[White "JAN2404"]
[Black "MFguimaraes"]
[Result "0-1"]
[WhiteElo "1690"]
[BlackElo "2293"]
[TimeControl "180+2"]
[EndTime "16:36:33 PDT"]
[Termination "MFguimaraes won by checkmate"]

1. c4 Nf6 2. Nc3 c6 3. Nf3 d5 4. e3 Bg4 5. Be2 e6 6. b3 Nbd7 7. Bb2 Bd6 8. d4 O-O 9. O-O Ne4 10. h3 Bh5 11. Nxe4 dxe4 12. Nd2 Bxe2 13. Qxe2 f5 14. Rac1 Qe7 15. Rfd1 Ba3 16. Bxa3 Qxa3 17. Nb1 Qa6 18. Nc3 Nf6 19. Rd2 Rad8 20. Rcd1 Rd7 21. f3 exf3 22. Qxf3 Rfd8 23. e4 c5 24. d5 fxe4 25.
Nxe4 exd5 26. Nxf6+ Qxf6 27. Qxf6 gxf6 28. cxd5 Rd6 29.
Kf2 b5 30. Ke3 Kf7 31. g4 Re8+ 32. Kf4 Re5 33. h4 h6 34. a3 Ke7 35. a4 bxa4 36. bxa4 Rb6 37. a5 Rb4+ 38. Kf3 Kd6 39. h5 Ra4 40. Rb2 Rxd5 41. Rxd5+ Kxd5 42. Rb7 Rxa5 43.
Rh7 Ra3+ 44. Kf4 c4 45. Rxh6 c3 46. Rh8 c2 47. Rc8 Ra4+ 48. Kf5 Rc4 49. Rd8+ Kc5 50. Rc8+ Kb4 51. Rxc4+ Kxc4 52. Kg6 c1=Q 53. Kh7 Qg5 54. h6 Qxg4 55. Kh8 f5 56. h7 Qd4+ 57. Kg8 f4 58. h8=Q Qxh8+ 59. Kxh8 f3 60. Kh7 f2 61. Kg8 f1=Q 62. Kh8 Qg2 63. Kh7 Qg5 64. Kh8 Kd5 65. Kh7 Ke6 66. Kh8 Kf7 67. Kh7 Qh5# 0-1

[Event "*** Titled Tuesday Blitz"]
[Site "Chess.com"]
[Date "2019.09.03"]
[Round "7"]
[White "StephenDedalus83"]
[Black "patrisiii123"]
[Result "1-0"]
[WhiteElo "2836"]
[BlackElo "2443"]
[TimeControl "180+2"]
[EndTime "16:36:34 PDT"]
[Termination "StephenDedalus83 won by checkmate"]

1. g3 c5 2. Bg2 Nc6 3. d3 g6 4. e4 Bg7 5. f4 d6 6. Nf3 h5 7. O-O Bg4 8. h3 Bd7 9. c3 e6 10. Be3 Nge7 11. Nbd2 Qc7 12. Rc1 O-O 13. d4 b6 14. Qe2 d5 15. e5 Nf5 16. Bf2 Qb7 17.
g4 hxg4 18. hxg4 Nh6 19. Nh2 Rac8 20. Ndf3 cxd4 21. cxd4 Nb4 22. a3 Nc6 23. g5 Nf5 24.
Ng4 Na5 25. Nf6+ Bxf6 26. gxf6 Rxc1 27. Rxc1 Rc8 28. Rf1 a6 29. Ng5 Kf8 30. Qg4 Ke8 31. Qh3 Kd8 32. Nxf7+ Kc7 33. Rc1+ Kb8 34. Rxc8+ Qxc8 35.
Qh8 Kc7 36. Qxc8+ Bxc8 37. Nh8 Kd7 38. Nxg6 Ke8 39. Bf3 Nb3 40. Bh5 Nbxd4 41. Bxd4 Nxd4 42. Ne7+ Kf8 43. Nxc8 Ne2+ 44. Kf2 Nxf4 45. Be2 Ng6 46. Nxb6 Nxe5 47. Ke3 Kf7 48. Bxa6 Kxf6 49. Be2 Nc6 50. Bb5 Na5 51. b4 Nb3 52. a4 Ke5 53. a5 Nd4 54. Ba4 Nf5+ 55. Kd3 Kd6 56. a6 Kc7 57. a7 Kb7 58.
a8=Q+ Kxb6 59. Qc6+ Ka7 60. b5 e5 61. b6+ Ka6 62. Qc8+ Kxb6 63. Qxf5 e4+ 64. Kd4 e3 65. Qxd5 e2 66. Qe6+ Ka5 67. Qxe2 Kb4 68. Qb5+ Ka3 69.
Qb3# 1-0

[Event "*** Titled Tuesday Blitz"]
[Site "Chess.com"]
[Date "2019.09.03"]
[Round "7"]
[White "Gordima"]
[Black "iturrizaga"]
[Result "1-0"]
[WhiteElo "2844"]
[BlackElo "2928"]
[TimeControl "180+2"]
[EndTime "16:36:36 PDT"]
[Termination "Gordima won by resignation"]

1. Nf3 c5 2. e4 g6 3. c4 Bg7 4. d4 cxd4 5. Nxd4 Qb6 6. Nb3 Nc6 7.
Be2 Nf6 8. Nc3 O-O 9. Be3 Qd8 10.
Nd4 d6 11. O-O Bd7 12. h3 Qa5 13. Qc2 Rfc8 14. Rad1 Nxd4 15. Bxd4 Be6 16. b3 a6 17. f4 b5 18. f5 Bd7 19. Bxf6 Bxf6 20. Nd5 bxc4 21. Bxc4 g5 22. e5 Bxe5 23. Nxe7+ Kf8 24. Nxc8 Rxc8 25. f6 Kg8 26. Bxf7+ Kh8 27. Bc4 Rf8 28.
f7 Qc5+ 29. Qf2 Qc7 30. Rfe1 Kg7 31. Rxe5 dxe5 32. Qd2 Qb6+ 33. Kh1 Bf5 34. Qxg5+ Qg6 35. Qxg6+ hxg6 36. Kg1 a5 37. Kf2 Kf6 38. Ke3 Ke7 39. Rd5 Kxf7 40. Rd8+ Ke7 41. Rxf8 Kxf8 42. Bd3 Bd7 43.
Bxg6 Ke7 44. Be4 a4 45. bxa4 Bxa4 46. h4 Kf6 47. g4 1-0

[Event "*** Titled Tuesday Blitz"]
[Site "Chess.com"]
[Date "2019.09.03"]
[Round "7"]
[White "eljanov"]
[Black "amintabatabaei"]
[Result "1/2-1/2"]
[WhiteElo "2931"]
[BlackElo "2915"]
[TimeControl "180+2"]
[EndTime "16:36:37 PDT"]
[Termination "Game drawn by repetition"]

1. Nf3 d5 2. g3 Nf6 3. Bg2 e6 4. c4 Be7 5. O-O O-O 6. d4 Nbd7 7. Qc2 c6 8. Nbd2 b6 9. e4 dxc4 10. Nxc4 Bb7 11. e5 Nd5 12. h4 c5 13. Bg5 cxd4 14.
Bxe7 Qxe7 15. Ng5 g6 16. Qd2 Ba6 17. b3 Nxe5 18. Nxe5 Bxf1 19. Rxf1 f6 20. Nc6 Qd6 21. Nxd4 fxg5 22. Nxe6 Rf5 23. Nxg5 h6 24. Rd1 Rd8 25.
Ne4 Qf8 26. g4 Re5 27. f4 Re7 28. g5 hxg5 29. hxg5 Red7 30. Qb2 Qxf4 31. Rxd5 Qe3+ 32. Kh2 Qf4+ 33. Kg1 Qe3+ 34. Kf1 Qf4+ 35. Kg1 1/2-1/2

[Event "*** Titled Tuesday Blitz"]
[Site "Chess.com"]
[Date "2019.09.03"]
[Round "7"]
[White "nurgyulsalimova"]
[Black "Roman_Ovetchkin"]
[Result "0-1"]
[WhiteElo "2536"]
[BlackElo "2742"]
[TimeControl "180+2"]
[EndTime "16:36:37 PDT"]
[Termination "Roman_Ovetchkin won by resignation"]

1. Nf3 f5 2. d4 Nf6 3. g3 e6 4. Bg2 Be7 5. O-O O-O 6. c4 d6 7. Nc3 Ne4 8. Qc2 Nxc3 9. Qxc3 Bf6 10. Be3 Qe7 11. Qc2 e5 12. dxe5 dxe5 13. Rfd1 Nc6 14. a3 a5 15. Ne1 e4 16. Rd5 a4 17. Bc5 Qf7 18. Bxf8 Qxf8 19. Rad1 Be6 20. R5d2 Qc5 21.
Rd5 Bxd5 22. Rxd5 Qe7 23. e3 g6 24. Qd1 Ne5 25. Nc2 c6 26. Rd6 Nxc4 27. Rd7 Rd8 28. Rxd8+ Qxd8 29. Qe2 Qd3 30. Bf1 Qxe2 31. Bxe2 Nxb2 32.
Nb4 Kf7 33. Kf1 Ke6 34. g4 Bc3 35. gxf5+ gxf5 36. Na2 Be5 37. h4 Bd6 38. Nc3 Bxa3 39. f3 Bb4 40. Na2 Bd2 41. fxe4 fxe4 42. Kf2 b5 43.
Bg4+ Kd5 44. Ke2 Nc4 45. Bh5 Bxe3 46. Bf7+ Kd4 47. Nb4 Kc5 48. Nc2 Bd4 49. Be8 b4 50. Bxc6 b3 51. Nxd4 Kxd4 52. Bxa4 b2 53. Bc2 Na3 54.
Kd2 e3+ 55. Kd1 e2+ 0-1

[Event "*** Titled Tuesday Blitz"]
[Site "Chess.com"]
[Date "2019.09.03"]
[Round "7"]
[White "12teen"]
[Black "KL31"]
[Result "1-0"]
[WhiteElo "2752"]
[BlackElo "2520"]
[TimeControl "180+2"]
[EndTime "16:36:37 PDT"]
[Termination "12teen won on time"]

1. g3 Nf6 2. Bg2 d5 3. d3 Bf5 4. Nc3 c6 5. Bd2 e6 6. e4 Bg6 7. f4 Bh5 8. Nf3 dxe4 9. dxe4 Bb4 10. Qe2 Qb6 11. h3 Bxf3 12. Bxf3 Nbd7 13. a3 Be7 14. O-O-O O-O-O 15. g4 Nc5 16. Be3 Qa5 17. Qc4 b5 18. Qa2 Na4 19. Ne2 Rxd1+ 20. Rxd1 Rd8 21. Rxd8+ Bxd8 22.
c3 Bb6 23. Bd2 Qa6 24. g5 Nd7 25. b4 Bf2 26. f5 Ne5 27. fxe6 fxe6 28. Qxe6+ Nd7 29.
e5 Nb6 30. Qxc6+ Kd8 31. Nd4 Qxa3+ 32. Kd1 Bxd4 33. cxd4 Nc4 34. e6 Ndb6 35. g6 h6 36. Bg4 Qd3 37. e7+ Kxe7 38. Qe6+ Kd8 39. Qg8+ Kc7 40.
Qxg7+ Kd8 41. Qxh6 1-0

[Event "*** Titled Tuesday Blitz"]
[Site "Chess.com"]
[Date "2019.09.03"]
[Round "7"]
[White "Faustregel"]
[Black "Cukiero"]
[Result "1-0"]
[WhiteElo "2513"]
[BlackElo "2398"]
[TimeControl "180+2"]
[EndTime "16:36:37 PDT"]
[Termination "Faustregel won by resignation"]

1. e4 c5 2. Nf3 d6 3. d4 cxd4 4. Nxd4 Nf6 5. Nc3 a6 6. Bg5 Nbd7 7. f4 Qc7 8. Qf3 h6 9. Bxf6 Nxf6 10. f5 Qc5 11.
O-O-O g5 12. fxg6 Bg4 13. gxf7+ Kxf7 14. Qd3 Bxd1 15. Nxd1 Qe5 16. Qb3+ Kg7 17. Nf5+ Kg6 18. Qxb7 Qxe4 19. Bd3 Qxb7 20. Nxd6+ Kg7 21. Nxb7 e5 22. Na5 e4 23. Be2 Bd6 24. Nc4 Bf4+ 25. Kb1 Rhd8 26. c3 a5 27. a4 Nd5 28. Kc2 Bc7 29. g3 Nb6 30. b3 Nxc4 31. Bxc4 Rf8 32. Re1 Rae8 33.
Bd5 e3 34. Rxe3 Rxe3 35. Nxe3 Rf2+ 36. Kd3 Rxh2 37. b4 axb4 38. cxb4 Bxg3 39. Nf5+ Kf6 40. Nxg3 Rh3 41. a5 Ke5 42. Kc4 Rxg3 43. Kc5 Rc3+ 44. Bc4 h5 45. a6 h4 46. a7 Ra3 47. Kb6 Rxa7 48. Kxa7 h3 49. Bf1 1-0

[Event "*** Titled Tuesday Blitz"]
[Site "Chess.com"]
[Date "2019.09.03"]
[Round "7"]
[White "FedaMaster"]
[Black "Genghis_K"]
[Result "0-1"]
[WhiteElo "2599"]
[BlackElo "2856"]
[TimeControl "180+2"]
[EndTime "16:36:38 PDT"]
[Termination "Genghis_K won by resignation"]

1. e4 c6 2. d4 d5 3. Nc3 dxe4 4. Nxe4 Nf6 5. Ng5 h6 6. N5f3 Bf5 7. Bd3 Bxd3 8.
Qxd3 e6 9. Ne2 Nbd7 10. Bd2 Be7 11. O-O-O a5 12. Rhg1 a4 13. a3 Qb6 14. Nf4 Qb5 15.
c4 Qb3 16. Bc3 b5 17. cxb5 cxb5 18. Nd2 Qa2 19. Kc2 Nd5 20. Ne2 b4 21. axb4 Rc8 22. Qb5 a3 23. Rb1 Bxb4 24. Kd3 Bxc3 25. bxc3 O-O 26.
Rb3 N7f6 27. Nc1 Qa1 28. Ne2 Rxc3+ 29. Nxc3 Qxg1 30. Nxd5 Nxd5 31. Rxa3 Qxg2 32. f3 Nf4+ 33. Kc3 Nd5+ 34. Kd3 Rc8 35. Qd7 Qg6+ 36. Ne4 Nf4+ 37. Ke3 Nd5+ 38. Kd3 Rf8 39. Ra7 Qf5 40. Kc4 Nb6+ 41. Kd3 Nxd7 42. Rxd7 Qxf3+ 0-1

[Event "*** Titled Tuesday Blitz"]
[Site "Chess.com"]
[Date "2019.09.03"]
[Round "7"]
[White "yiy1156"]
[Black "jcibarra"]
[Result "1/2-1/2"]
[WhiteElo "2570"]
[BlackElo "2793"]
[TimeControl "180+2"]
[EndTime "16:36:38 PDT"]
[Termination "Game drawn by repetition"]

1. e4 c5 2. Nf3 d6 3. d4 cxd4 4.
Nxd4 Nf6 5. Nc3 a6 6. Be3 Ng4 7. Bg5 h6 8. Bh4 g5 9. Bg3 Bg7 10. h3 Ne5 11. f3 Nbc6 12. Bf2 Be6 13. Qd2 Rc8 14. O-O-O Nxd4 15. Bxd4 Qa5 16. a3 b5 17. Nd5 Qxd2+ 18. Rxd2 Bxd5 19. exd5 O-O 20. c3 Nc4 21. Bxc4 Rxc4 22. Bxg7 Kxg7 23. Re1 Kf6 24. Rde2 Re8 25. Kc2 e5 26. dxe6 fxe6 27. Re3 d5 28. Re5 Re7 29. b3 Rf4 30. b4 Rc4 31.
Kb2 Rc6 32. h4 Rec7 33. hxg5+ hxg5 34. R5e3 Kf5 35. Re5+ Kf6 36. R5e3 Rd6 37. Rh1 Kf5 38. Rh8 Kf4 39. Rd3 Rf7 40. Kb3 Kg3 41. f4+ Kxg2 42.
fxg5 e5 43. Re8 e4 44. Rxe4 dxe4 45. Rxd6 e3 46. Re6 Kf2 47. Rf6+ Rxf6 48. gxf6 e2 49. f7 e1=Q 50. f8=Q+ Kg3 51. Qg7+ Kf4 52. Qf6+ Kg4 53. Qg6+ Kf4 54. Qf7+ Kg5 55. Qg7+ Kf5 56. Qf7+ Kg5 57.
Qg7+ Kf5 58. Qf7+ Kg5 1/2-1/2

[Event "*** Titled Tuesday Blitz"]
[Site "Chess.com"]
[Date "2019.09.03"]
[Round "7"]
[White "ChristopherYoo"]
[Black "champ2005"]
[Result "0-1"]
[WhiteElo "2581"]
[BlackElo "2841"]
[TimeControl "180+2"]
[EndTime "16:36:43 PDT"]
[Termination "champ2005 won by checkmate"]

1. e4 c6 2. d4 d5 3. e5 Bf5 4.
h4 h5 5. c4 e6 6. Nc3 Nd7 7.
Nge2 Ne7 8. Ng3 Bg6 9. Bg5 Qb6 10.
Rc1 Nf5 11. Nxf5 Bxf5 12. cxd5 exd5 13. Bd3 Be6 14. Ne2 Bb4+ 15. Kf1 Bg4 16. f3 Be6 17. Nf4 Nf8 18. Bb1 Bd7 19. Kf2 Ne6 20. Nxe6 Bxe6 21. Rf1 Qc7 22. Kg1 Be7 23. f4 Bg4 24. Qe1 Qb6 25.
Bxe7 Qxd4+ 26. Kh1 Kxe7 27. f5 Rae8 28. Rc3 Kd7 29.
Re3 Re7 30. Qg3 Rhe8 31. Rfe1 Kc8 32. Bd3 Qxb2 33. Qf4 Qxa2 34. Qg5 Qb2 35. Qxg7 d4 36. Rb1 Qxb1+ 37. Bxb1 dxe3 38. e6 e2 39. Qe5 Rxe6 40. fxe6 Rxe6 41. Qh8+ Kc7 42. Bf5 e1=Q+ 43. Kh2 Qxh4+ 44.
Kg1 Re1# 0-1

[Event "*** Titled Tuesday Blitz"]
[Site "Chess.com"]
[Date "2019.09.03"]
[Round "7"]
[White "Everyfishknows"]
[Black "JMatias"]
[Result "1-0"]
[WhiteElo "2270"]
[BlackElo "2345"]
[TimeControl "180+2"]
[EndTime "16:36:46 PDT"]
[Termination "Everyfishknows won by resignation"]

1. Nf3 Nf6 2. c4 e6 3. g3 d5 4. Bg2 Be7 5. O-O dxc4 6. Qa4+ Nbd7 7. Qxc4 a6 8. d4 b5 9. Qc2 Bb7 10. Bf4 c5 11. dxc5 Bxc5 12. Nc3 Rc8 13. Qd2 Qb6 14. Ne5 Nxe5 15. Bxe5 Bxg2 16. Kxg2 O-O 17. Bxf6 gxf6 18. Ne4 Bd4 19. Qh6 Qb7 20. f3 Qe7 21. Rab1 Rc2 22. Rfe1 f5 23. Ng5 f6 24. Nh3 Bxb2 25.
Nf4 Rd8 26. Kf1 Rdd2 27. Red1 Bc3 28. Rxd2 Bxd2 29. Qh4 Be3 30. Ng2 Bg5 31. Qd4 Rd2 32. Qc3 Rd8 33. f4 Bh6 34. Ne3 Bf8 35. Rc1 Qd6 36. Rd1 Qb8 37. Rxd8 Qxd8 38. Qb3 Qd6 39. Nxf5 Qd5 40. Qxd5 exd5 41. Ne3 d4 42. Nf5 Bc5 43. Ke1 b4 44. Kd2 a5 45. Kd3 a4 46.
Nxd4 Bxd4 47. Kxd4 f5 48. Kc4 b3 49. axb3 a3 50.
Kc3 1-0

[Event "*** Titled Tuesday Blitz"]
[Site "Chess.com"]
[Date "2019.09.03"]
[Round "7"]
[White "Snegokhod"]
[Black "Lunaticx"]
[Result "0-1"]
[WhiteElo "2569"]
[BlackElo "2838"]
[TimeControl "180+2"]
[EndTime "16:36:50 PDT"]
[Termination "Lunaticx won on time"]

1. g3 d5 2. Bg2 c6 3. Nf3 g6 4.
O-O Bg7 5. d3 Nf6 6. Nbd2 O-O 7.
e4 Bg4 8. h3 Bxf3 9. Qxf3 Nbd7 10. Nb3 a5 11. a4 e6 12. Bd2 Ne8 13. Rab1 Nd6 14. Qe2 Qb6 15. Rfd1 Rfd8 16. Be1 Qc7 17. Bd2 b5 18. Ra1 Bxb2 19. Ra2 Bg7 20. axb5 a4 21.
bxc6 axb3 22. Rxa8 Rxa8 23. cxd7 bxc2 24. Rf1 Qxd7 25. exd5 Rc8 26. dxe6 Qxe6 27. Qxe6 fxe6 28. Bc1 Rb8 29. Bf4 Rb1 30. Be4 Nxe4 31. dxe4 Rd1 32.
Kg2 h5 33. Bc1 Bd4 34. f4 Kg7 35. Rh1 Kf7 36. Rf1 Ke7 37. g4 Kd7 38. Rh1 Kc6 39.
Rf1 Kb5 40. f5 exf5 41. exf5 gxf5 42. gxf5 Bf6 43. Kf2 Kc4 44. Ke2 Rxf1 45. Kxf1 Kd3 46. Ke1 Bh4+ 47. Kf1 Be7 48. Bb2 Bg5 49. Kf2 Kc4 50.
f6 Bxf6 51. Bc1 Kd3 52. Kf3 Bc3 53. Kf2 Bd2 54. Ba3 Bh6 55. Bb2 Kc4 56. Ke2 Kb3 0-1

[Event "*** Titled Tuesday Blitz"]
[Site "Chess.com"]
[Date "2019.09.03"]
[Round "7"]
[White "chickencrossroad"]
[Black "newauto"]
[Result "1-0"]
[WhiteElo "2516"]
[BlackElo "1948"]
[TimeControl "180+2"]
[EndTime "16:36:51 PDT"]
[Termination "chickencrossroad won by checkmate"]

1. e4 c6 2. d4 d5 3. Nd2 dxe4 4. Nxe4 Bf5 5. Ng3 Bg6 6. Nf3 Nd7 7. Bd3 e6 8. O-O Ngf6 9. Re1 Qc7 10. c4 O-O-O 11. Bxg6 hxg6 12. Ng5 Nb6 13. Qe2 Nh5 14. Be3 Nf4 15.
Qf3 Nd3 16. Nxf7 Nxe1 17. Rxe1 Bb4 18. Nxd8 Bxe1 19. Nxe6 Qe7 20. Qg4 Rh4 21. Qxg6 Nxc4 22. Bg5 Rg4 23. Qf5 Rxg5 24. Nxg5+ Kb8 25. Ne6 Bb4 26. Ne4 a6 27. g3 Ka7 28. b3 Nd6 29. Nxd6 Bxd6 30. Kg2 Qd7 31. Qe4 Qe7 32. h4 Qf7 33.
Ng5 Qc7 34. Qg6 c5 35. d5 c4 36. bxc4 Be5 37. Qe4 Bf6 38. Ne6 Qd6 39. c5 Qd7 40. c6 bxc6 41. dxc6 Qd6 42. c7 Qd7 43. Qb4 Qxe6 44.
Qb8# 1-0

[Event "*** Titled Tuesday Blitz"]
[Site "Chess.com"]
[Date "2019.09.03"]
[Round "7"]
[White "alishersuleymenov"]
[Black "Bigfish1995"]
[Result "1-0"]
[WhiteElo "2655"]
[BlackElo "3029"]
[TimeControl "180+2"]
[EndTime "16:36:55 PDT"]
[Termination "alishersuleymenov won by resignation"]

1. d4 Nf6 2. Nf3 e6 3. Bf4 d5 4. e3 Be7 5. Bd3 O-O 6. c3 b6 7. Nbd2 Bb7 8. Ne5 Nbd7 9. Qe2 c5 10. O-O a6 11. a4 g6 12. Bh6 Re8 13. Qf3 Nxe5 14. dxe5 Nd7 15. Qf4 f6 16. exf6 Bxf6 17. Qg3 Ne5 18. Be2 Nf7 19. Qh3 e5 20. Bg4 Nxh6 21. Qxh6 Bg5 22. Qh3 h5 23. Be6+ Kg7 24.
f4 Qd6 25. fxg5 Qxe6 26. Rf6 Qxh3 27. gxh3 Bc8 28. e4 dxe4 29. Nxe4 Bxh3 30. Rxb6 Reb8 31. a5 c4 32. Rd1 Rd8 33. Rb7+ Kf8 34. Rd6 Rxd6 35.
Nxd6 Rd8 36. Nxc4 e4 37. Kf2 Rd3 38. Ne5 Rd5 39. Nxg6+ Ke8 40. Nf4 Rf5 41. Ke3 1-0

[Event "*** Titled Tuesday Blitz"]
[Site "Chess.com"]
[Date "2019.09.03"]
[Round "7"]
[White "DarkAlekhine"]
[Black "ahkashefi2800"]
[Result "0-1"]
[WhiteElo "2478"]
[BlackElo "2137"]
[TimeControl "180+2"]
[EndTime "16:36:57 PDT"]
[Termination "ahkashefi2800 won on time"]

1. e4 c6 2. d4 d5 3. e5 Bf5 4.
Nf3 e6 5. Be2 Ne7 6. O-O Bg6 7.
Nbd2 Nf5 8. Nb3 Nd7 9. Bd2 a6 10.
Na5 Rb8 11. Rc1 Be7 12. c4 O-O 13. cxd5 exd5 14. Qb3 Re8 15. Rfe1 Nf8 16. Nxb7 Qd7 17. Bxa6 Ne6 18. Qb6 Rec8 19. b4 Bh5 20. b5 cxb5 21. Rxc8+ Qxc8 22. Rc1 Qd7 23. Be3 Bxf3 24. gxf3 g5 25.
Qa7 Rf8 26. Qb6 Rb8 27. Qa7 Rf8 28. Kf1 Bb4 29. Ke2 Nfxd4+ 30. Bxd4 Nf4+ 31. Ke3 Qh3 32. Qb6 Ng2+ 33. Ke2 Nf4+ 34. Ke3 g4 35. Kxf4 Qxf3+ 36. Kg5 Be7+ 37. Qf6 Bxf6+ 38. exf6 h6+ 39. Kxh6 Qf4+ 40.
Kh5 Qxc1 41. Nd6 Qc6 42. Nf5 Qxa6 43. Kh6 Re8 0-1

[Event "*** Titled Tuesday Blitz"]
[Site "Chess.com"]
[Date "2019.09.03"]
[Round "7"]
[White "kleinebeer98"]
[Black "promen1999"]
[Result "0-1"]
[WhiteElo "2672"]
[BlackElo "2756"]
[TimeControl "180+2"]
[EndTime "16:37:02 PDT"]
[Termination "promen1999 won by checkmate"]

1. e4 c6 2. d4 d5 3. f3 e6 4.
Nc3 a6 5. Bd3 b5 6. Be3 Bb7 7.
Nge2 Nf6 8. O-O Be7 9. Ng3 O-O 10. e5 Nfd7 11. f4 c5 12. Bxh7+ Kxh7 13. Qh5+ Kg8 14. f5 cxd4 15. Bxd4 Nc6 16. f6 Nxd4 17. fxg7 Kxg7 18. Qg4+ Kh8 19. Nh5 Rg8 20. Qh3 Bh4 21.
Nf6 Nxf6 22. exf6 Rg6 23. Qxh4+ Kg8 24. Qxd4 Rc8 25. Rae1 Rc4 26. Qa7 Qc7 27. Rf2 d4 28. Ne2 e5 29. Ng3 Bd5 30. Qxc7 Rxc7 31. Rxe5 Bxa2 32.
Re8+ Kh7 33. Rf4 Be6 34. Rxd4 Rxc2 35. Rh4+ Rh6 36. Rxe6 Rc1+ 37. Kf2 Rxh4 38. Re7 Rf4+ 39. Ke3 Rxf6 40. Ra7 Re1+ 41. Kd2 Ree6 42. Nh5 Rf2+ 43. Kc3 Kg6 44. g4 Rf3+ 45. Kb4 Re4+ 46. Ka5 Ra4+ 47. Kb6 Rxg4 48. Ng3 Rf6+ 49. Ka5 Ra4# 0-1

[Event "*** Titled Tuesday Blitz"]
[Site "Chess.com"]
[Date "2019.09.03"]
[Round "7"]
[White "temus_galaktionov"]
[Black "kosmeg"]
[Result "0-1"]
[WhiteElo "2598"]
[BlackElo "2430"]
[TimeControl "180+2"]
[EndTime "16:37:06 PDT"]
[Termination "kosmeg won by resignation"]

1. d4 Nf6 2. Nf3 e6 3. c4 Bb4+ 4. Nbd2 b6 5. a3 Bxd2+ 6. Qxd2 Bb7 7. e3 O-O 8. Be2 Ne4 9. Qc2 f5 10. b4 a5 11. Bb2 axb4 12. axb4 Rxa1+ 13. Bxa1 Nc6 14. b5 Qa8 15. O-O Nb4 16. Qb3 Qa2 17. Qxb4 Qxe2 18. Qe7 Qxc4 19. Qxd7 Nf6 20. Qe7 Re8 21. Qf7+ Kxf7 22. Ne5+ Ke7 23. Nxc4 Ra8 24. Rc1 Nd7 25. Bb2 Bd5 26. Na3 Kd6 27. f3 Ra4 28. Kf2 Rb4 29. Rc2 Bb3 30. Rc3 Ba4 31. Bc1 Bxb5 32.
e4 c5 33. dxc5+ bxc5 34. exf5 exf5 35. Bf4+ Rxf4 36. Nxb5+ Kc6 37. Na3 Rb4 38. Nc4 Nb6 39. Ne5+ Kd5 40. Nd3 Kd4 41. Ra3 Ra4 42. Rb3 Ra2+ 43.
Kg3 Nd5 44. Nc1 Rc2 45. Rb1 c4 46. f4 g6 47. Kf3 Nc3 48. Ra1 Nd5 49. Ne2+ Kd3 50.
Ra5 Nc3 51. Ra7 Nxe2 52. Rxh7 Nd4+ 53. Kg3 Ne2+ 54. Kf3 Nd4+ 55. Kg3 c3 56. Rg7 Re2 0-1

[Event "*** Titled Tuesday Blitz"]
[Site "Chess.com"]
[Date "2019.09.03"]
[Round "7"]
[White "Witik"]
[Black "TenisMaster"]
[Result "1-0"]
[WhiteElo "2565"]
[BlackElo "2763"]
[TimeControl "180+2"]
[EndTime "16:37:07 PDT"]
[Termination "Witik won by resignation"]

1. d4 Nf6 2. Bf4 g6 3. Nf3 Bg7 4. Nc3 d6 5. e4 a6 6. h3 Nc6 7.
Bh2 O-O 8. Be2 b5 9. e5 Nd7 10. e6 fxe6 11. d5 Nce5 12. dxe6 Nc5 13. Nxe5 dxe5 14.
Qd5 Qxd5 15. Nxd5 Bb7 16. O-O-O Rxf2 17. Bg4 Bxd5 18. Rxd5 Na4 19. Bxe5 Bxe5 20. Rxe5 Rd8 21. Rd1 Rxd1+ 22. Bxd1 Rxg2 23. Rd5 Kg7 24. Rd7 Kf6 25. Rxc7 Nb6 26. Rc6 Nc4 27. b3 Ne3 28. Bf3 Rg3 29. Be4 a5 30. Ra6 Rxh3 31. Rxa5 b4 32. Rb5 h5 33. Rxb4 h4 34. a4 Rg3 35. a5 h3 36.
a6 Rg1+ 37. Kd2 Nf1+ 38. Kd3 Ng3 39. Bb7 Rd1+ 40. Kc3 Ne2+ 41. Kb2 Rd8 42. a7 g5 43. a8=Q Rxa8 44. Bxa8 Kf5 45. Bf3 Nf4 46. Rb8 g4 47. Rf8+ Kg5 48. Rg8+ Ng6 49. Rxg6+ Kxg6 50. Bxg4 1-0